 Dungeon Crawl Stone Soup version 0.30.1 (webtiles) character file.

Game seed: 18010654076054588678

39214 spardeous the Spry (level 13, -2/58 HPs)
             Began as a Felid Earth Elementalist on July 13, 2023.
             Was an Initiate of Gozag.
             Slain by an alligator simulacrum (4 damage)
             ... in an ice cave.
             The game lasted 01:21:49 (29206 turns).

spardeous the Spry (Felid Earth Elementalist)      Turns: 29206, Time: 01:21:50

Health: -2/58      AC:  3    Str:  7    XL:     13   Next: 68%
Magic:  8/28       EV: 27    Int: 36    God:    Gozag
Gold:   1801       SH:  0    Dex: 13    Spells: 19/32 levels left
                                        Lives:  0   Deaths: 4

rFire   + .          .
                       - Unarmed
rCold   + . .        (shield unavailable)
rNeg    . . .        (body armour unavailable)
rPois   +            (helmet unavailable)
rElec   .            (cloak unavailable)
rCorr   .            (gloves unavailable)
SInv    +            (boots unavailable)
Will    +....        p - amulet of magic regeneration
Stlth   ++           K - +6 ring of intelligence
HPRegen 0.29/turn    D - +6 ring of intelligence
MPRegen 0.61/turn

%: no passive effects
@: gold aura, hasted, very quick
A: very small, claws 1, fangs 3, see invisible, speed 1, shaggy fur 3, stealthy
paws, no weapons or thrown items, no armour, multi-lived, clever 1, clumsy 1,
fire resistance 1, poison resistance, strong 1
a: Renounce Religion, Potion Petition, Call Merchant, Bribe Branch


You were in an ice cave.
You worshipped Gozag.
Gozag was most pleased with you.
You visited 4 branches of the dungeon, and saw 23 of its levels.
You also visited: Ice Cave.

You collected 8073 gold pieces.
You spent 431 gold pieces at shops.
You paid 5841 gold pieces to Gozag.

Inventory:

Jewellery
 k - a +4 ring of protection
 m - a ring of poison resistance
 p - an amulet of magic regeneration (around neck)
 D - a +6 ring of intelligence (right paw)
 F - a ring of fire
 G - a ring of protection from fire
 I - a +6 ring of dexterity
 K - a +6 ring of intelligence (left paw)
 M - a ring of flight
 O - a +6 ring of dexterity
 S - a ring of wizardry
Wands
 d - a wand of mindburst (9)
 f - a wand of iceblast (16)
 j - a wand of light (9)
 l - a wand of charming (50)
 E - a wand of flame (20)
 W - a wand of polymorph (5)
Scrolls
 b - 8 scrolls of enchant armour {unknown}
 h - 3 scrolls of fog
 n - 3 scrolls of poison
 q - 4 scrolls of vulnerability
 r - a scroll of teleportation
 t - 6 scrolls of enchant weapon
 x - 3 scrolls of immolation {unknown}
 y - a scroll of brand weapon
 C - 3 scrolls of blinking
 H - a scroll of butterflies
 P - 3 scrolls of noise {unknown}
 Q - a scroll of fear {unknown}
 R - a scroll of amnesia
 T - a scroll of torment
Potions
 a - 4 potions of magic
 c - 4 potions of resistance
 e - 6 potions of lignification
 g - 7 potions of flight
 i - 7 potions of degeneration
 o - 8 potions of might
 s - 5 potions of curing
 u - 3 potions of attraction
 v - 5 potions of brilliance
 w - a potion of berserk rage
 z - 2 potions of invisibility
 J - 7 potions of ambrosia
 N - a potion of mutation
 Y - a potion of cancellation
Miscellaneous
 B - a phial of floods (inert)
 L - a box of beasts (inert)
 U - a phantom mirror


   Skills:
 - Level 7.7 Fighting
 + Level 17.8 Dodging
 - Level 2.6 Stealth
 - Level 6.3 Unarmed Combat
 - Level 10.0 Spellcasting
 - Level 10.0 Conjurations
 - Level 10.3 Necromancy
 + Level 10.4 Transmutations
 - Level 11.0 Earth Magic


You had 19 spell levels left.
You knew the following spells:

 Your Spells              Type           Power      Damage    Failure   Level
a - Sandblast             Erth           100%       2d20      1%          1
b - Stone Arrow           Conj/Erth      100%       3d13      1%          3
c - Petrify               Tmut/Erth      77%        N/A       1%          4
d - Borgnjor's Vile Clut  Necr/Erth      38%        N/A       1%          5

Your spell library contained the following spells:

 Spells                   Type           Power      Damage    Failure   Level
 Shock                    Conj/Air       100%       1d9       1%          1
 Passwall                 Tmut/Erth      64%        N/A       1%          2
 Blade Hands              Tmut           37%        N/A       1%          5
 Lee's Rapid Deconstruct  Erth           39%        3d19*     1%          5
 Apportation              Tloc           36%        N/A       2%          1
 Fulminant Prism          Conj/Hex       26%        3d14      3%          4
 Iskenderun's Mystic Bla  Conj/Tloc      52%        2d11      3%          4
 Iron Shot                Conj/Erth      38%        9d8       4%          6
 Inner Flame              Hex/Fire       18%        N/A       7%          3
 Swiftness                Air            18%        N/A       7%          3
 Volatile Blastmotes      Fire/Tloc      36%        2d13      7%          3
 Alistair's Intoxication  Tmut/Pois      35%        N/A       8%          5
 Yara's Violent Unravell  Hex/Tmut       26%        3d11      8%          5
 Airstrike                Air            9%         2d(2-18)  22%         4
 Eringya's Noxious Bog    Tmut/Pois      26%        N/A       38%         6
 Enfeeble                 Hex            9%         N/A       100%        7
 Animate Armour           Summ/Erth      Unusable   N/A       N/A         4

Dungeon Overview and Level Annotations

Branches:
Dungeon (15/15)            Temple (1/1) D:5            Lair (5/5) D:11
  Swamp (0/4) Lair:2        Snake (0/4) Lair:2        Slime (0/5) Lair:5
    Orc (2/2) D:10            Elf (0/3) Orc:2        Vaults (0/5) D:14
 Depths (0/4) D:15          IceCv (1/1)

Altars:
Elyvilon
Gozag
Hepliaklqana
Kikubaaqudgha
Trog
Uskayaw
Vehumet
Wu Jian
Xom
The Shining One

Shops:
D:5 !   D:6 (   D:10 *   D:11 (   D:13 (   Orc:2 ([:*   Lair:1 ==:!=!

Annotations:
D:14 2 transporters
Lair:2 exclusion: oklob plant
Orc:1 1 runed translucent door


Innate Abilities, Weirdness & Mutations

You have sharp claws.
You have razor-sharp teeth.
You have supernaturally acute eyesight. (SInv)
You cover ground quickly. (Speed+)
Your thick and shaggy fur keeps you warm. (AC +3, rC+)
Your paws help you pounce on unaware monsters.
You are incapable of wielding weapons or throwing items.
You cannot wear armour.
You gain extra lives every three experience levels.
Your mind is acute. (Int +4, Str/Dex -1)
You are clumsy. (Dex -2)
Your flesh is heat resistant. (rF+)
Your system is resistant to poisons. (rPois)
Your muscles are strong. (Str +4, Int/Dex -1)


Message History

Zombie hands grab the dire elephant simulacrum.
The zombie hands constrict the white very ugly thing.
The zombie hands constrict the dire elephant simulacrum!
The harpy simulacrum is no longer distracted by gold.
The white very ugly thing struggles to escape constriction.
The harpy simulacrum is distracted by your dazzling golden aura.
The zombie hands constrict the white very ugly thing!
The zombie hands constrict the dire elephant simulacrum.
The dire elephant simulacrum struggles to escape constriction.
The ettin simulacrum is distracted by your dazzling golden aura.
The white very ugly thing struggles to escape constriction.
The harpy simulacrum barely misses you.
The harpy simulacrum completely misses you.
The zombie hands constrict the white very ugly thing!
The zombie hands constrict the dire elephant simulacrum.
The harpy simulacrum is no longer distracted by gold.
The harpy simulacrum misses you.
The harpy simulacrum completely misses you.
The harpy simulacrum claws you! The harpy simulacrum freezes you! You resist.
The harpy simulacrum claws you but does no damage.
The dire elephant simulacrum struggles to escape constriction.
The white very ugly thing escapes!
Okay, then.
You feel yourself speed up.
The zombie hands constrict the dire elephant simulacrum!
The dire elephant simulacrum is no longer distracted by gold.
The harpy simulacrum misses you. x2
The harpy simulacrum is distracted by your dazzling golden aura.
The harpy simulacrum completely misses you. x3
The harpy simulacrum closely misses you.
The zombie hands constrict the dire elephant simulacrum!
The dire elephant simulacrum misses you.
The dire elephant simulacrum closely misses you.
The alligator simulacrum bites you!!
* * * LOW HITPOINT WARNING * * *
The alligator simulacrum freezes you! You resist.
* * * LOW HITPOINT WARNING * * *
The alligator simulacrum tail-slaps you.
You die...
Your body crumbles into a pile of gold.

......#
.......##
....$...##
.8...Z...#
$......Z..#
!......∩∩#
$
......u.Z#
.8.Z..ZZZ#
.......@##
.......##
......#
...### ###


You could see a white very ugly thing, an alligator simulacrum, a seven-headed
hydra simulacrum, 2 dire elephant simulacra, 2 harpy simulacra and an ettin
simulacrum (unaware).

Vanquished Creatures
  Saint Roka (Orc:2)
  Rupert (Lair:4)
  4 dire elephants (Lair:5)
  The ghost of turdburglar the Martial Artist, a journeyman GnTm of Gozag (Lair:3)
  Josephine (Lair:4)
  4 hydras
  Harold (Lair:1)
  A centaur warrior (D:14)
  2 boulder beetles
  A dancing weapon (Lair:3)
  23 death yaks
  2 tengu warriors
  3 two-headed ogres
  The ghost of wingedge the Cruncher, a novice HuWn (D:7)
  Urug (Orc:2)
  An orc high priest (Orc:2)
  Lodul (D:13)
  A skyshark (Lair:4)
  Amaemon (D:9)
  A spectral anaconda (Lair:5)
  An obsidian statue (Lair:5)
  4 bog bodies (Lair:2)
  A deep elf archer (D:14)
  5 orc knights
  3 deep elf pyromancers
  6 necromancers
  2 manticores
  2 oklob plants (D:11)
  4 orc sorcerers
  An ugly thing (D:13)
  2 cyclopes
  24 elephants
  2 dire elephant zombies (Lair:5)
  2 rust devils (D:9)
  A torpor snail (Lair:2)
  Joseph (D:7)
  5 black mambas
  2 gargoyles
  16 cane toads
  3 unseen horrors
  8 komodo dragons
  An orange demon (D:9)
  3 rime drakes
  A freezing wraith (D:14)
  6 trolls
  An efreet (D:13)
  2 queen bees
  3 polar bears
  A blink frog (shapeshifter) (D:14)
  7 blink frogs
  3 spectral elephants (Lair:5)
  A hornet (D:9)
  10 dream sheep (Lair:4)
  A shadow (D:13)
  Sigmund (D:5)
  5 wraiths
  A fire elemental (D:14)
  41 yaks
  A vampire (D:14)
  6 wyverns
  A basilisk (Lair:2)
  2 wargs
  4 steam dragons
  2 death yak simulacra (Lair:5)
  A harpy simulacrum (IceCv)
  4 nagas (Lair:2)
  3 acid dragons
  21 water moccasins
  34 orc warriors
  4 black bears
  2 sky beasts
  16 ogres
  8 wolves (Lair:2)
  An elephant skeleton (Lair:5)
  An elephant zombie (Lair:5)
  A phantom (D:4)
  3 centaurs
  2 kobold brigands (D:9)
  Blork the orc (Orc:2)
  7 bullfrogs
  3 gnoll sergeants
  2 scorpions
  6 jellies
  11 wights
  An elephant simulacrum (Lair:5)
  39 killer bees
  4 howler monkeys
  An electric eel (Lair:2)
  3 lava snakes (D:14)
  3 hounds
  17 orc priests
  3 iguanas (D:5)
  2 sleepcaps
  Terence (D:3)
  13 orc wizards
  12 gnolls
  11 adders
  A river rat (Lair:2)
  A shadow imp (D:5)
  5 white imps
  3 worms
  3 dart slugs
  62 orcs
  7 ball pythons
  6 endoplasms
  2 giant cockroaches
  7 goblins
  7 hobgoblins
  2 jackals (D:4)
  4 quokkas
  6 bats
  3 frilled lizards
  18 kobolds
  6 rats
  A fire vortex (D:14)
636 creatures vanquished.

Notes
Turn   | Place    | Note
-------+----------+-------------------------------------------
     0 | D:1      | spardeous the Felid Earth Elementalist began the quest for
                  | the Orb.
     0 | D:1      | Reached XP level 1. HP: 7/7 MP: 4/4
   115 | D:2      | Noticed an ogre
   147 | D:2      | Killed an ogre
   148 | D:2      | Reached skill level 4 in Dodging
   148 | D:2      | Reached XP level 2. HP: 11/11 MP: 0/6
   148 | D:2      | Reached XP level 3. HP: 14/14 MP: 0/8
   148 | D:2      | Reached XP level 4. HP: 18/18 MP: 0/9
   588 | D:4      | Noticed a scorpion
   875 | D:4      | Killed a scorpion
   876 | D:4      | Reached XP level 5. HP: 21/21 MP: 8/10
  1132 | D:4      | Learned a level 3 spell: Stone Arrow
  1137 | D:4      | Learned a level 4 spell: Petrify
  1155 | D:4      | Gained mutation: You are covered in thick fur. (AC +2)
                  | [Felid growth]
  1155 | D:4      | Reached XP level 6. HP: 24/24 MP: 10/12
  1570 | D:4      | Reached skill level 5 in Earth Magic
  1817 | D:5      | Entered Level 5 of the Dungeon
  1817 | D:5      | Noticed Sigmund
  2169 | D:5      | Reached XP level 7. HP: 16/27 MP: 11/15
  2253 | D:5      | Reached skill level 5 in Spellcasting
  2344 | D:5      | Found a staircase to the Ecumenical Temple.
  2346 | D:5      | Found Yxkoet's Distillery.
  2363 | Temple   | Entered the Ecumenical Temple
  2370 | Temple   | Became a worshipper of Gozag Ym Sagoz the Greedy
  2833 | D:5      | Reached XP level 8. HP: 31/31 MP: 13/18
  3197 | D:5      | Killed Sigmund
  3402 | D:5      | HP: 1/31 [gnoll sergeant/+0 spear (4)]
  3827 | D:3      | Noticed Terence
  3858 | D:3      | Killed Terence
  4588 | D:2      | Identified the +1 ring mail of the Sky {rF+ rC+ Int+3
                  | Stlth+}
  4925 | D:2      | Reached skill level 5 in Dodging
  5622 | D:6      | Found Zenil's Antique Weapon Shoppe.
  5780 | D:6      | Reached skill level 6 in Dodging
  5924 | D:6      | Reached skill level 7 in Dodging
  5985 | D:6      | Reached XP level 9. HP: 34/34 MP: 18/20
  6057 | D:6      | Found a hazy altar of Hepliaklqana.
  6402 | D:6      | Reached skill level 8 in Dodging
  6524 | D:7      | Identified a scroll of acquirement
  6531 | D:7      | Acquired Great Wizards, Vol. II
  6541 | D:7      | Learned a level 5 spell: Borgnjor's Vile Clutch
  6564 | D:7      | Found a transporter.
  6577 | D:7      | Noticed a queen bee
  6594 | D:7      | Noticed wingedge's ghost (novice HuWn)
  6638 | D:7      | Found a transporter.
  6688 | D:7      | Reached skill level 9 in Dodging
  6707 | D:7      | Found Aclymoka's Jewellery Emporium.
  6778 | D:7      | Noticed Joseph
  7016 | D:7      | Reached skill level 10 in Dodging
  7310 | D:8      | Reached skill level 1 in Conjurations
  7310 | D:8      | Reached skill level 1 in Necromancy
  7601 | D:8      | HP: 1/34 [steam dragon/ball of steam (18)]
  7602 | D:8      | Engulfed by a steam dragon's steam
  7603 | D:8      | Reached XP level 8. HP: -8/31 MP: 19/19
  7827 | D:9      | Noticed a two-headed ogre
  7861 | D:9      | Killed a two-headed ogre
  7862 | D:9      | Reached XP level 9. HP: 34/34 MP: 20/20
  8182 | D:9      | Reached skill level 5 in Necromancy
  8347 | D:9      | Reached skill level 5 in Conjurations
  8433 | D:9      | Reached XP level 10. HP: 37/37 MP: 15/21
  8849 | D:9      | Noticed Amaemon
  8857 | D:9      | Noticed an orange demon
  8859 | D:9      | Killed Amaemon
  8905 | D:9      | Killed an orange demon
  9308 | D:10     | Entered Level 10 of the Dungeon
  9348 | D:10     | Found Kapteor's General Store.
  9371 | D:10     | Bought a scroll of identify for 26 gold pieces
  9472 | D:10     | Noticed a cyclops
  9478 | D:10     | Killed a cyclops
  9581 | D:10     | Noticed a boulder beetle
  9582 | D:10     | Noticed a tengu warrior
  9757 | D:10     | Killed a tengu warrior
  9837 | D:10     | Noticed a two-headed ogre
  9864 | D:10     | Killed a two-headed ogre
 10143 | D:10     | Noticed an orc knight
 10262 | D:10     | Reached XP level 11. HP: 40/40 MP: 6/22
 10307 | D:10     | Reached skill level 1 in Unarmed Combat
 10312 | D:10     | Found a staircase to the Orcish Mines.
 10358 | D:10     | Killed an orc knight
 10889 | D:11     | Found Dishrucea's Weapon Shop.
 10959 | D:11     | Noticed an oklob plant
 10962 | D:11     | Noticed an oklob plant
 11008 | D:11     | Found a staircase to the Lair.
 11250 | D:11     | Killed an oklob plant
 11251 | D:11     | Reached skill level 5 in Transmutations
 11448 | D:11     | Killed an oklob plant
 12091 | D:12     | Noticed a boulder beetle
 12739 | D:13     | Found Feohixt's Antique Weapon Shop.
 12814 | D:13     | Noticed a deep elf pyromancer
 12832 | D:13     | Killed a deep elf pyromancer
 12833 | D:13     | Reached skill level 5 in Unarmed Combat
 12996 | D:13     | Noticed Lodul
 13007 | D:13     | Killed Lodul
 13076 | D:13     | Noticed a boulder beetle
 13124 | D:13     | Killed a boulder beetle
 13333 | D:13     | Identified the +1 robe "Kihutywi" {Rampage}
 13348 | D:13     | Noticed a deep elf pyromancer
 13352 | D:13     | Killed a deep elf pyromancer
 13972 | D:13     | Noticed a white ugly thing
 13987 | D:13     | Killed a white ugly thing
 13988 | D:13     | Reached skill level 5 in Fighting
 13988 | D:13     | Gained mutation: Your thick and shaggy fur keeps you warm.
                  | (AC +3, rC+) [Felid growth]
 13988 | D:13     | Reached XP level 12. HP: 51/51 MP: 12/23
 14359 | D:14     | Found a transporter.
 14361 | D:14     | Noticed an orc warlord
 14365 | D:14     | Noticed a two-headed ogre
 14366 | D:14     | Noticed a stone giant
 14366 | D:14     | Noticed an ogre mage
 14366 | D:14     | Noticed an ettin
 14366 | D:14     | Noticed an ogre mage
 14367 | D:14     | Noticed an orc high priest
 14368 | D:14     | Found a transporter.
 14368 | D:14     | Noticed a two-headed ogre
 14851 | D:14     | Noticed a tengu warrior
 14886 | D:14     | Killed a tengu warrior
 15446 | D:10     | Mangled by a boulder beetle
 15447 | D:10     | Reached XP level 11. HP: -9/49 MP: 8/22
 15819 | D:10     | Killed a boulder beetle
 16053 | D:7      | Killed Joseph
 16539 | D:7      | Killed wingedge's ghost
 16743 | Lair:1   | Entered Level 1 of the Lair of Beasts
 16753 | Lair:1   | Reached skill level 11 in Dodging
 16780 | Lair:1   | Noticed Harold
 17045 | Lair:1   | Killed Harold
 17105 | Lair:1   | Reached skill level 12 in Dodging
 17451 | Lair:2   | Reached skill level 13 in Dodging
 17514 | Lair:2   | Noticed a bog body
 17559 | Lair:2   | Noticed a death yak
 17561 | Lair:2   | Noticed a death yak
 17691 | Lair:1   | Reached XP level 12. HP: 29/55 MP: 12/23
 17945 | Lair:2   | Found a staircase to the Snake Pit.
 18298 | Lair:2   | Killed a death yak
 18323 | Lair:2   | Killed a death yak
 18544 | Lair:2   | Reached skill level 10 in Earth Magic
 19453 | Lair:2   | Reached XP level 13. HP: 58/58 MP: 18/24
 19617 | Lair:2   | Found a staircase to the Swamp.
 19954 | Lair:1   | Bought a potion of curing for 57 gold pieces
 19956 | Lair:1   | Gained mutation: You are frail. (-10% HP) [potion of
                  | mutation]
 19956 | Lair:1   | Gained mutation: You occasionally lose the ability to drink
                  | potions when taking damage. [potion of mutation]
 19956 | Lair:1   | Lost mutation: You occasionally lose the ability to drink
                  | potions when taking damage. [potion of mutation]
 19956 | Lair:1   | Gained mutation: Your spells are a little harder to cast,
                  | but a little more powerful. [potion of mutation]
 19957 | Lair:1   | Lost mutation: You are frail. (-10% HP) [potion of
                  | mutation]
 19957 | Lair:1   | Lost mutation: Your spells are a little harder to cast, but
                  | a little more powerful. [potion of mutation]
 19957 | Lair:1   | Gained mutation: Your magical capacity is low. (-10% MP)
                  | [potion of mutation]
 19957 | Lair:1   | Gained mutation: You possess an exceptional clarity of
                  | mind. [potion of mutation]
 19958 | Lair:1   | Lost mutation: Your magical capacity is low. (-10% MP)
                  | [potion of mutation]
 19958 | Lair:1   | Lost mutation: You possess an exceptional clarity of mind.
                  | [potion of mutation]
 19958 | Lair:1   | Gained mutation: Your body sometimes deteriorates upon
                  | taking damage. [potion of mutation]
 19958 | Lair:1   | Gained mutation: You have hidden genetic potential. [potion
                  | of mutation]
 19958 | Lair:1   | Gained mutation: You sometimes lose your temper in combat.
                  | [potion of mutation]
 19958 | Lair:1   | Gained mutation: You are partially covered in iridescent
                  | scales. (AC +2) [potion of mutation]
 20206 | Lair:3   | Found a runed translucent door.
 20206 | Lair:3   | Found a shimmering altar of Xom.
 20206 | Lair:3   | Noticed turdburglar's ghost (journeyman GnTm)
 20304 | Lair:3   | Reached skill level 10 in Necromancy
 20955 | Lair:3   | Killed turdburglar's ghost
 21044 | Lair:4   | Found a hide-covered altar of Uskayaw.
 21472 | Lair:4   | Noticed Rupert
 21489 | Lair:4   | Killed Rupert
 21862 | Lair:4   | Reached XP level 14. HP: 62/62 MP: 19/28
 22149 | Lair:4   | Gained mutation: Your flesh is heat resistant. (rF+)
                  | [hidden potential]
 22156 | Lair:4   | Noticed Josephine
 22163 | Lair:4   | Killed Josephine
 22524 | Lair:5   | Entered Level 5 of the Lair of Beasts
 22717 | Lair:5   | Reached skill level 10 in Transmutations
 22790 | Lair:5   | Found a staircase to the Slime Pits.
 22900 | Lair:5   | Reached skill level 10 in Spellcasting
 22952 | Lair:5   | Reached skill level 14 in Dodging
 23559 | Lair:5   | Identified the +10 dagger "Worm's Wrath" {speed, rElec rC++
                  | Int-3 Stlth+}
 24015 | Lair:5   | Mangled by a dire elephant
 24016 | Lair:5   | Reached XP level 13. HP: -12/58 MP: 5/28
 24406 | Lair:5   | Reached skill level 15 in Dodging
 24457 | Lair:5   | Killed a dire elephant
 24786 | Lair:5   | Reached XP level 14. HP: 60/62 MP: 21/29
 25400 | Lair:1   | Bought a potion of mutation for 96 gold pieces
 25400 | Lair:1   | Bought a potion of mutation for 96 gold pieces
 25400 | Lair:1   | Bought a potion of berserk rage for 60 gold pieces
 25400 | Lair:1   | Bought a potion of cancellation for 96 gold pieces
 25465 | Orc:1    | Entered Level 1 of the Orcish Mines
 25607 | Orc:1    | Found a bloodstained altar of Trog.
 25803 | Orc:1    | Found a runed translucent door.
 25806 | Orc:1    | Noticed a balrug
 25918 | Orc:2    | Entered Level 2 of the Orcish Mines
 25969 | Orc:1    | Gained mutation: You expend magic power (3 MP) to
                  | strengthen your wands. [hidden potential]
 25969 | Orc:1    | Lost mutation: You have hidden genetic potential. [hidden
                  | potential expressed]
 26021 | Orc:1    | Lost mutation: You expend magic power (3 MP) to strengthen
                  | your wands. [potion of mutation]
 26021 | Orc:1    | Lost mutation: You sometimes lose your temper in combat.
                  | [potion of mutation]
 26021 | Orc:1    | Gained mutation: Your system is resistant to poisons.
                  | (rPois) [potion of mutation]
 26021 | Orc:1    | Gained mutation: Your mind is acute. (Int +4, Str/Dex -1)
                  | [potion of mutation]
 26123 | Orc:2    | Reached skill level 10 in Conjurations
 26197 | Orc:2    | Noticed Urug
 26199 | Orc:2    | Reached skill level 16 in Dodging
 26568 | Orc:2    | Noticed Blork the orc
 26574 | Orc:2    | Killed Blork the orc
 26734 | Orc:2    | Lost strength.
 26743 | Orc:2    | Lost mutation: Your body sometimes deteriorates upon taking
                  | damage. [potion of mutation]
 26743 | Orc:2    | Lost mutation: You are partially covered in iridescent
                  | scales. (AC +2) [potion of mutation]
 26743 | Orc:2    | Gained mutation: You are clumsy. (Dex -2) [potion of
                  | mutation]
 26743 | Orc:2    | Gained mutation: Your muscles are strong. (Str +4, Int/Dex
                  | -1) [potion of mutation]
 26941 | Orc:2    | Noticed Saint Roka
 26965 | Orc:2    | Killed Saint Roka
 27180 | Orc:2    | Found Eproim's Antique Armour Shoppe.
 27245 | Orc:2    | Found Piloh's Antique Weapon Shoppe.
 27248 | Orc:2    | Found Weveh's Book Shoppe.
 27408 | Orc:2    | Found a staircase to the Elven Halls.
 27424 | Orc:2    | Reached skill level 17 in Dodging
 27468 | Orc:2    | Found Igil's General Store.
 27524 | Orc:2    | Killed Urug
 28728 | D:14     | Shot with an arrow by a centaur warrior
 28729 | D:14     | Reached XP level 13. HP: -4/58 MP: 22/28
 28987 | D:14     | Found a gate to the Vaults.
 29066 | D:15     | Entered Level 15 of the Dungeon
 29184 | D:15     | Found a frozen archway.
 29197 | IceCv    | Entered an ice cave
 29197 | IceCv    | Noticed a white very ugly thing
 29206 | IceCv    | HP: 2/58 [alligator simulacrum (11)]
 29206 | IceCv    | Slain by an alligator simulacrum

Illustrated notes

Levels and vault maps discovered:
D:1:      minmay_arrival_hallway, layout_rooms
D:2:      layout_basic, nicolae_eternal_life, amcnicky_mini_corridor_feature
D:3:      layout_loops_cross, uniq_terence
D:4:      layout_loops_ring
D:5:      minmay_chambers_of_threes, layout_loops_ring, temple_statues,
          serial_shops, shop, uniq_sigmund
D:6:      layout_gridville, nzn_hepliaklqana_mist_gate, serial_shops, shop,
          minmay_misc_feat_tiny
D:7:      layout_cave_pools, serial_shops,
          nicolae_shop_temple_entry_statues_fountains, gammafunk_ghost_hive,
          minmay_misc_feat_plants, uniq_joseph
D:8:      layout_loops_ring
D:9:      cheibrodos_iron_armory, layout_loops_corners,
          kennysheep_cluttered_room, uniq_amaemon
D:10:     nzn_winding_woodlands_small [nzn_winding_woodlands_5x15_default,
          nzn_winding_woodlands_center_diamonds,
          nzn_winding_woodlands_5x15_parted], layout_basic, david_orc_5,
          serial_shops, shop
D:11:     layout_irregular_city, dpeg_oklobed_lair, serial_shops, shop
D:12:     layout_basic, special_room [special_room_bee]
D:13:     layout_loops_corners, serial_shops, nicolae_shop_dealshenge,
          uniq_lodul
D:14:     gammafunk_beogh_shrine, layout_basic, david_vaults_1,
          grunt_decor_junction, st_stairs_14, nicolae_figureground_sparkle
D:15:     grunt_enter_depths_snipers, layout_cave_pools, zin_angel,
          portal_ice_cave_entry_pillars_three, ice2_lemuel
Temple:   nicolae_temple_the_god_donut
Lair:1:   layout_big_grid, dreamdust_mushroom_princess, uniq_harold
Lair:2:   hangedman_what_comes_after_a, layout_chaotic_city,
          nicolae_swamp_entry_splash_gauntlet,
          minmay_snake_entry_guardpost_small, serial_bayou_shore_b,
          infiniplex_staircase_pool_2
Lair:3:   layout_big_grid, ebering_ghost_xom
Lair:4:   layout_roguey, basic_altar, serial_bayou_shore_b, uniq_josephine,
          uniq_rupert
Lair:5:   due_jungle_book, layout_cave_pods, nicolae_slime_entry_slimehenge,
          minmay_stone_trees_medium, serial_bayou_shore_b, grunt_megastairs_4
Orc:1:    dreamdust_dug_too_deep, layout_caves, david_defended_altar_orc
Orc:2:    grunt_orc_cross, layout_caves, abandoned_shop
IceCv:    ice_cave_statue_garden_transporter

Skill      XL: |  1  2  3  4  5  6  7  8  9 10 11 12 13 14 |
---------------+-------------------------------------------+-----
Earth Magic    | 3 4 5 6 7 11 | 11.0
Dodging        | 4 7 10 13 15 17 | 17.8
Spellcasting   | 3 4 6 9 10 | 10.0
Conjurations   | 4 5 7 8 10 | 10.0
Necromancy     | 4 6 8 10 | 10.3
Transmutations | 3 5 9 10 | 10.4
Unarmed Combat | 6 |  6.3
Fighting       | 7 6 |  7.7
Stealth        | |  2.6

Action                     |  1- 3 |  4- 6 |  7- 9 | 10-12 | 13-15 || total
---------------------------+-------+-------+-------+-------+-------++-------
  Melee: Unarmed           |     1 |     1 |       |    31 |    13 ||    46
         Bite              |       |       |       |     6 |     2 ||     8
         Punch             |       |       |       |     2 |     1 ||     3
   Cast: Sandblast         |     9 |    82 |   263 |    78 |   142 ||   574
         Stone Arrow       |       |       |    35 |   331 |   177 ||   543
         Petrify           |       |       |       |    37 |     4 ||    41
         Borgnjor's Vile C |       |       |       |    79 |   224 ||   303
 Invoke: Call Merchant     |       |       |       |     3 |     3 ||     6
  Evoke: Wand              |       |       |       |    12 |       ||    12
         Phial of floods   |       |       |       |     1 |     1 ||     2
         Box of beasts     |       |       |       |       |     1 ||     1
    Use: Scroll            |       |       |     8 |     9 |     8 ||    25
         Potion            |       |       |       |     1 |    12 ||    13
   Stab: Petrified         |       |       |       |    24 |     3 ||    27
         Petrifying        |       |       |       |     1 |       ||     1
 Armour: Skin              |       |     1 |    13 |     8 |    16 ||    38
  Dodge: Dodged            |     2 |    24 |    85 |   185 |   254 ||   550
